 Dungeon Crawl Stone Soup version 0.23-a0-305-g7ffd15e (webtiles) character file.

1256 galech the Chopper (level 8, -12/61 HPs)
             Began as a Demonspawn Fighter on Oct 9, 2018.
             Was an Initiate of Okawaru (penitent).
             Shot with an arrow by a centaur warrior (14 damage)
             ... created by the fury of Okawaru
             ... in an ossuary.
             The game lasted 00:07:30 (6533 turns).

galech the Chopper (Demonspawn Fighter)             Turns: 6533, Time: 00:07:31

Health: -12/61     AC: 16    Str: 17    XL:     8   Next: 26%
Magic:  8/8        EV:  6    Int: 10    God:    Okawaru [*]
Gold:   344        SH:  9    Dex: 14    Spells: 7/7 levels left

rFire    . . .     SeeInvis .   a - +0 war axe
rCold    . . .     Gourm    +   c - +0 shield
rNeg     . . .     Faith    .   u - +0 chain mail
rPois    .         Spirit   .   q - +0 helmet
rElec    .         Reflect  .   y - +0 cloak
rCorr    .         Harm     .   (no gloves)
MR       .....                  (no boots)
Stlth    ..........             n - amulet of the gourmand
HPRegen  0.20/turn              B - +4 ring of protection
MPRegen  0.11/turn              (no ring)

@: no status effects
A: demonic guardian 1, spiny 1
a: Renounce Religion


You were in an ossuary.
You worshipped Okawaru.
Okawaru was demanding penance.
You were very full.

You visited 2 branches of the dungeon, and saw 8 of its levels.
You also visited: Ossuary.

You collected 344 gold pieces.

Inventory:

Hand Weapons
 a - a +0 war axe (weapon)
Armour
 c - a +0 shield (worn)
 q - a +0 helmet (worn)
 u - a +0 chain mail (worn)
 y - a +0 cloak (worn)
Jewellery
 n - an amulet of the gourmand (around neck)
 B - a +4 ring of protection (left hand)
Wands
 r - a wand of acid (6)
 t - a wand of iceblast (5)
 C - a wand of random effects (26)
Scrolls
 e - 3 scrolls of amnesia {unknown}
 h - 10 scrolls of identify {unknown}
 i - 8 scrolls of remove curse {unknown}
 j - a scroll of teleportation {unknown}
 k - 2 scrolls of fog {unknown}
 l - 4 scrolls of fear {unknown}
 m - a scroll of magic mapping {unknown}
 p - a scroll of blinking {unknown}
 w - a scroll of immolation {unknown}
 A - a scroll of enchant weapon {unknown}
Potions
 b - 2 potions of agility {unknown}
 d - a potion of might
 g - a potion of haste
 o - a potion of brilliance {unknown}
 s - 2 potions of flight {unknown}
 v - 5 potions of curing {unknown}
 x - a potion of heal wounds {unknown}
 z - a potion of berserk rage {unknown}
Comestibles
 f - 13 rations


   Skills:
 + Level 4.6 Fighting
 + Level 5.8 Axes
 + Level 4.9 Armour
 + Level 1.8 Dodging
 + Level 1.6 Stealth
 + Level 4.8 Shields


You had 7 spell levels left.
You didn't know any spells.
Your spell library was empty.

Dungeon Overview and Level Annotations

Branches:
Dungeon (7/15)             Temple (1/1) D:5

Altars:
Ashenzari
Cheibriados
Elyvilon
Fedhas
Gozag
Hepliaklqana
Kikubaaqudgha
Makhleb
Nemelex Xobeh
Okawaru
Qazlal
Ru
Uskayaw
Vehumet
Wu Jian
Xom
Yredelemnul
The Shining One


Innate Abilities, Weirdness & Mutations

A weak demonic guardian rushes to your aid.
You are partially covered in sharp spines.


Message History

The centaur warrior shoots an arrow.
You block the arrow.
The arrow disappears in a puff of smoke!
The cyclops throws a large rock.
The large rock hits your iron imp!
Your iron imp dies!
The large rock disappears in a puff of smoke!
The centaur warrior shoots an arrow.
You block the arrow.
The arrow disappears in a puff of smoke!
The centaur warrior shoots an arrow.
You block the arrow.
The arrow disappears in a puff of smoke!
The centaur warrior shoots an arrow.
You block the arrow.
The arrow disappears in a puff of smoke!
The cyclops throws a large rock.
The large rock hits you!
* * * LOW HITPOINT WARNING * * *
The large rock disappears in a puff of smoke!
The centaur warrior shoots an arrow.
The arrow hits your quasit!
Your quasit dies!
The arrow disappears in a puff of smoke!
Unknown command.
The centaur warrior shoots an arrow.
The arrow hits you!
You die...

# #########
#.#.#.#.#.#.#.#
.........c....# #####
..............# ##...##
........C.Z...###.....##
.........Z......@......#
..................∩.∩..#
.......................#
.........Z....###.....##
..............# ##...##
...........# #####
#.#.#.#.#.# #########


You could see a centaur warrior, a goblin zombie, a gnoll zombie and an orc
zombie.

Vanquished Creatures
  A sky beast (D:6)
  An ogre (D:4)
  A bullfrog (D:5)
  A water moccasin zombie (D:6)
  A scorpion (D:5)
  A jelly (D:5)
  A crimson imp (D:6)
  A howler monkey (D:6)
  Crazy Yiuf (D:3)
  2 hounds (D:5)
  A centaur skeleton (D:4)
  6 orc wizards
  A bullfrog skeleton (D:4)
  Jessica (D:3)
  Ijyb (D:3)
  An iguana (D:6)
  A big kobold zombie (Ossuary)
  3 mummies
  Robin (D:2)
  4 gnolls
  5 adders
  An ooze (D:6)
  A worm (D:4)
  3 dart slugs
  3 leopard geckos
  36 orcs
  5 giant cockroaches
  3 gnoll zombies (Ossuary)
  18 goblins
  8 hobgoblins
  9 jackals
  3 quokkas
  2 ball pythons (D:1)
  A ball python skeleton (D:6)
  5 bats
  4 frilled lizards
  A goblin zombie (Ossuary)
  2 hobgoblin zombies (Ossuary)
  5 kobolds
  An orc zombie (D:7)
  A quokka skeleton (D:5)
  10 rats
158 creatures vanquished.

Vanquished Creatures (collateral kills)
  A sky beast (D:6)
  A centaur (D:6)
  An orc wizard (D:4)
  An adder skeleton (D:4)
  A leopard gecko (D:3)
  2 orcs
  A bat (D:3)
  A jackal (D:6)
9 creatures vanquished.

Vanquished Creatures (others)
  An orc warrior (D:6)
1 creature vanquished.

Grand Total: 168 creatures vanquished

Notes
Turn   | Place    | Note
-------+----------+-------------------------------------------
     0 | D:1      | galech the Demonspawn Fighter began the quest for the Orb.
     0 | D:1      | Reached XP level 1. HP: 18/18 MP: 1/1
    78 | D:1      | Gained mutation: A weak demonic guardian rushes to your
                  | aid. [demonic ancestry]
    78 | D:1      | Reached XP level 2. HP: 15/24 MP: 2/2
   295 | D:1      | Reached skill level 2 in Axes
   430 | D:1      | Reached XP level 3. HP: 26/29 MP: 3/3
  1053 | D:2      | Noticed Robin
  1277 | D:1      | Reached skill level 1 in Dodging
  1388 | D:2      | Reached XP level 4. HP: 35/35 MP: 4/4
  1399 | D:2      | Killed Robin
  1685 | D:2      | Found a stormy altar of Qazlal.
  1690 | D:2      | Found a sparkling altar of Nemelex Xobeh.
  1802 | D:2      | Found an opulent altar of Gozag.
  1804 | D:2      | Found a blossoming altar of Fedhas.
  1975 | D:3      | Noticed Ijyb
  2281 | D:3      | Killed Ijyb
  2281 | D:3      | Reached skill level 3 in Axes
  2555 | D:3      | Noticed Jessica
  2558 | D:3      | Reached XP level 5. HP: 40/41 MP: 5/5
  2559 | D:3      | Killed Jessica
  3333 | D:3      | Found a runed door.
  3686 | D:4      | Reached XP level 6. HP: 45/48 MP: 6/6
  4026 | D:4      | Reached skill level 4 in Axes
  4064 | D:4      | Found a shattered altar of Ashenzari.
  4320 | D:3      | Noticed Crazy Yiuf
  4327 | D:3      | Killed Crazy Yiuf
  4407 | D:5      | Entered Level 5 of the Dungeon
  4615 | D:5      | Gained mutation: You are partially covered in sharp spines.
                  | [demonic ancestry]
  4615 | D:5      | Reached XP level 7. HP: 51/54 MP: 7/7
  4638 | D:5      | Found a sacrificial altar of Ru.
  4678 | D:5      | Found a staircase to the Ecumenical Temple.
  4692 | Temple   | Entered the Ecumenical Temple
  4715 | Temple   | Became a worshipper of Warmaster Okawaru
  4886 | D:5      | Reached skill level 1 in Stealth
  5214 | D:5      | Found a hide-covered altar of Uskayaw.
  5216 | D:5      | Noticed a hand axe
  5216 | D:5      | Noticed a hand axe
  5347 | D:6      | Reached skill level 5 in Axes
  5542 | D:6      | Reached XP level 8. HP: 31/61 MP: 8/8
  5924 | D:6      | Was placed under penance by Okawaru
  6060 | D:6      | Noticed a minotaur
  6184 | D:7      | Found a sand-covered staircase.
  6191 | Ossuary  | Entered an ossuary
  6521 | Ossuary  | Noticed a centaur warrior
  6521 | Ossuary  | Noticed a cyclops
  6531 | Ossuary  | HP: 2/61 [cyclops/large rock[the fury of Okawaru] (10)]
  6533 | Ossuary  | Shot with an arrow by a centaur warrior

Vault maps used:
D:1:      lemuel_arrival_hallway
D:2:      nicolae_overflow_hidden_temple, uniq_robin
D:3:      first_ration, uniq_ijyb, uniq_jessica, uniq_crazy_yiuf_cottage
D:4:      nicolae_overflow_crystal_walls
D:5:      nicolae_ru_sacrificial_ziggurat, dancing_weapons_uskayaw,
          temple_fountains
D:6:      minmay_misc_feat_iff, minmay_checkerbox
D:7:      gammafunk_the_bubble, nicolae_ossuary_entry_giza, grunt_ogre_cave
Temple:   minmay_temple_bridge_abc
Ossuary:  minmay_ossuary_gauntlet

Skill      XL: |  1  2  3  4  5  6  7 |
---------------+----------------------+-----
Shields        | 3 4 |  4.8
Armour         | 3 4 |  4.9
Axes           | 2 3 4 5 |  5.8
Dodging        | 1 |  1.8
Fighting       | 4 |  4.6
Stealth        | 1 |  1.6

Action                   |  1- 3 |  4- 6 |  7- 9 || total
-------------------------+-------+-------+-------++-------
Melee: War axe           |    99 |   283 |   154 ||   536
 Stab: Distracted        |       |     1 |     4 ||     5
       Invisible         |       |     2 |       ||     2
  Eat: Chunk             |     4 |    18 |     5 ||    27
Armor: Scale mail        |    48 |    35 |       ||    83
       Chain mail        |       |   134 |    97 ||   231
Dodge: Dodged            |    30 |    70 |    37 ||   137
Block: Shield            |    51 |   131 |    91 ||   273

Table legend:
 A = Non-vault XP
 B = Vault XP
 C = Vault XP percentage of total XP
 D = Non-vault monster count
 E = Vault monster count
 F = Vault count percentage of total count
                 A         B        C        D         E       F
            +---------+---------+-------+---------+---------+-------
      Total |    1389 |     406 |  22.6 |     137 |      30 |  18.0
            +---------+---------+-------+---------+---------+-------
        D:1 |      82 |       6 |   6.8 |      33 |       3 |   8.3
        D:2 |      30 |      32 |  51.6 |       9 |       9 |  50.0
        D:3 |     118 |     115 |  49.4 |      33 |       3 |   8.3
        D:4 |     225 |       0 |   0.0 |      20 |       0 |   0.0
        D:5 |     412 |       0 |   0.0 |      21 |       0 |   0.0
        D:6 |     522 |     161 |  23.6 |      21 |       4 |  16.0
        D:7 |       0 |      19 | 100.0 |       0 |       2 | 100.0
    Ossuary |       0 |      73 | 100.0 |       0 |       9 | 100.0
            +---------+---------+-------+---------+---------+-------
